AoeStats
← Your Mom

Black Forest

503461359Analyzed
2v2 RM · 1mo ago on Aug 31, 2026· 61m 14s· 4 players
Game mode
Random Map
Map size
Medium (4 player)
Population
200
Speed
Normal
Resources
Standard
Victory
Conquest
Starting age
Dark Age
Ending age
Imperial Age
RankedLock teamsTeams togetherTeam positionsShared explorationLock speedFull tech treeHidden civsTurbo modeCheats
Victory
Defeat
🇨🇿 Japanese · Czechia
786
+17
🇨🇿 Britons · Czechia
781
+18
🇩🇰 Portuguese · Denmark
840
-19
🇩🇪 Khmer · Germany
788
-16
Your Mom
0:27 Loom
13:24 Feudal Age
16:09 Double-Bit Axe
22:40 Wheelbarrow
22:19 Fishing Lines
26:14 Castle Age
26:50 Pikeman
27:21 Horse Collar
29:15 Bow Saw
31:38 Husbandry
31:48 Bloodlines
32:46 Gold Mining
32:47 Stone Mining
34:49 Gold Shaft Mining
34:51 Stone Shaft Mining
38:22 Hand Cart
38:20 Caravan
41:42 Heavy Plow
45:23 Imperial Age
45:52 Tusk Swords
46:39 Conscription
46:22 Double Crossbow
46:04 Elite Battle Elephant
46:11 Light Cavalry
47:16 Halberdier
49:05 Scale Barding Armor
49:11 Forging
48:53 Fletching
48:33 Heavy Scorpion
49:29 Scale Mail Armor
48:57 Elite Ballista Elephant
53:02 Chain Barding Armor
53:17 Iron Casting
53:00 Chain Mail Armor
53:00 Hussar
AIDS of Empires
14:06 Feudal Age
15:25 Loom
16:20 Wheelbarrow
18:29 Castle Age
17:37 Double-Bit Axe
18:50 Loom
19:41 Wheelbarrow
19:04 Horse Collar
19:53 Town Watch
24:19 Bow Saw
25:49 Heavy Plow
26:19 Gold Mining
27:00 Hand Cart
29:31 Bloodlines
30:47 Gold Mining
30:48 Stone Mining
32:17 Thumb Ring
34:07 Caravan
33:48 Pikeman
34:38 Thumb Ring
33:54 Elite Skirmisher
34:26 Fletching
34:43 Scale Barding Armor
38:00 Imperial Age
36:36 Chain Barding Armor
36:26 Forging
36:42 Padded Archer Armor
38:31 Bodkin Arrow
38:51 Leather Archer Armor
39:58 Two-Man Saw
39:29 Crop Rotation
38:32 Cavalier
39:20 Bracer
39:25 Husbandry
41:32 Light Cavalry
44:24 Conscription
44:45 Halberdier
45:09 Cavalier
46:59 Ring Archer Armor
46:52 Ballistics
47:33 Chemistry
46:31 Murder Holes
46:42 Siege Engineers
48:06 Arquebus
49:36 Onager
59:05 Iron Casting
59:05 Plate Barding Armor
Matouš10CZ
1:00 Loom
12:47 Feudal Age
15:14 Double-Bit Axe
20:07 Castle Age
26:21 Bow Saw
27:39 Wheelbarrow
26:49 Town Watch
27:38 Stone Mining
27:41 Gold Mining
28:53 Caravan
30:13 Hand Cart
30:01 Horse Collar
31:11 Heavy Plow
34:11 Fletching
34:22 Padded Archer Armor
35:33 Gold Shaft Mining
38:21 Imperial Age
37:34 Leather Archer Armor
37:14 Bodkin Arrow
38:24 Elite Longbowman
39:13 Murder Holes
39:01 Treadmill Crane
39:43 Ballistics
40:46 Chemistry
39:37 Heated Shot
39:40 Arrowslits
40:07 Siege Engineers
40:12 Masonry
40:32 Conscription
40:37 Squires
40:23 Arson
41:26 Yeomen
40:43 Sappers
41:52 Hoardings
41:20 Warwolf
40:50 Pikeman
42:04 Sappers
43:41 Ring Archer Armor
43:16 Bracer
45:17 Halberdier
47:00 Architecture
46:40 Fortified Wall
46:22 Guard Tower
47:11 Coinage
46:51 Guilds
47:57 Two-Man Saw
48:35 Town Patrol
49:00 Forging
48:50 Scale Mail Armor
48:56 Scale Barding Armor
61:17 Keep
Ctibor
0:26 Loom
12:26 Feudal Age
12:36 Man-at-Arms
22:01 Castle Age
24:34 Caravan
24:26 Fletching
24:28 Double-Bit Axe
27:47 Scale Mail Armor
27:47 Bodkin Arrow
30:49 Wheelbarrow
31:49 Chain Mail Armor
31:54 Squires
31:40 Gambesons
31:41 Arson
32:28 Forging
32:11 Horse Collar
32:54 Bow Saw
34:14 Iron Casting
36:06 Pikeman
37:11 Hand Cart
41:23 Imperial Age
39:55 Town Watch
41:31 Elite Samurai
42:33 Halberdier
43:47 Plate Mail Armor
43:45 Gold Mining
44:45 Conscription
45:23 Heavy Cavalry Archer
46:09 Thumb Ring
47:16 Heavy Plow
49:08 Two-Man Saw
52:12 Blast Furnace
52:15 Chemistry
52:01 Kataparuto
59:53 Ballistics
59:39 Siege Engineers
59:31 Murder Holes
59:43 Town Patrol
Connection lost

Rejoining the realm…

Still unreachable

The connection could not be restored.

Session expired

The server has moved on; the page needs a fresh start.